 Dungeon Crawl Stone Soup version 0.28.0-45-g0d030f2227 (webtiles) character file.

Game seed: 4036392457065831241

46 Cykl0x the Digger (level 3, -17/19 HPs)
             Began as a Gargoyle Earth Elementalist on Apr 4, 2022.
             Demolished by Sigmund
             ... wielding a +0 scythe
              (18 damage)
             ... on level 2 of the Dungeon.
             The game lasted 00:02:09 (1906 turns).

Cykl0x the Digger (Gargoyle Earth Elementalist)     Turns: 1906, Time: 00:02:10

Health: -17/19     AC:  5    Str: 11    XL:     3   Next: 68%
Magic:  6/6        EV: 12    Int: 17    God:
Gold:   99         SH:  0    Dex: 10    Spells: 3/7 levels left

rFire   . . .      SeeInvis .   i - +2 whip (flame)
rCold   . . .      Faith    .   (no shield)
rNeg    + . .      Spirit   .   b - +0 robe
rPois   ∞          Reflect  .   (no helmet)
rElec   +          Harm     .   (no cloak)
rCorr   .          Rampage  .   (no gloves)
Will    .....                   (no boots)
Stlth   +.........              (no amulet)
HPRegen 0.06/turn               (no ring)
MPRegen 0.10/turn               (no ring)

@: confused
A: sickness immunity, AC +3, negative energy resistance 1, electricity
resistance, torment resistance 1, petrification resistance
a: no special abilities


You were on level 2 of the Dungeon.
You visited 1 branch of the dungeon, and saw 2 of its levels.

You collected 99 gold pieces.

Inventory:

Hand Weapons
 f - a +0 whip
 i - a +2 whip of flaming (weapon)
Missiles
 c - 88 stones
Armour
 b - a +0 robe (worn)
Scrolls
 d - a scroll of enchant armour {unknown}
 g - a scroll of silence {unknown}
 h - a scroll of vulnerability {unknown}
Potions
 a - a potion of magic {unknown}
 e - a potion of brilliance {unknown}
 j - a potion of might {unknown}


   Skills:
 + Level 1.7 Dodging
 - Level 2.1 Stealth
 + Level 2.5 Spellcasting
 * Level 1.4 Conjurations
 - Level 0.7 Transmutations
 + Level 4.5 Earth Magic


You had 3 spell levels left.
You knew the following spells:

 Your Spells              Type           Power      Damage    Failure   Level
a - Sandblast             Erth           34%        2d9       3%          1
b - Stone Arrow           Conj/Erth      24%        3d8       16%         3

Your spell library contained the following spells:

 Spells                   Type           Power      Damage    Failure   Level
 Passwall                 Tmut/Erth      9%         N/A       10%         2
 Petrify                  Tmut/Erth      11%        N/A       52%         4


Dungeon Overview and Level Annotations

Branches:
Dungeon (2/15)

Altars:

Annotations:
D:2 Sigmund


Innate Abilities, Weirdness & Mutations

You are immune to sickness and miasma.
Your stone body is resilient. (AC +3)
You are immune to poison.
You resist negative energy. (rN+)
You are resistant to electric shocks. (rElec)
You are resistant to unholy torment.
You are immune to petrification.


Message History

You kill the frilled lizard!
Sigmund the Dreaded comes into view.
He is wielding a +0 scythe.
Sigmund is nearby!
A bat comes into view.
There is a stone staircase leading down here.
The blast of sand hits the bat!
You kill the bat!
You are too depleted to draw on your mana recklessly!
You see here a bat corpse.
j - a sedimented cyan potion You see here a frilled lizard corpse.
Casting: Sandblast (safe; 3% risk of failure)
Confirm with . or Enter, or press ? or * to list all spells.
You can't see any susceptible monsters within range! (Use Z to cast anyway.) Sigmund shouts!
Sigmund mumbles some strange words.
Sigmund flickers and vanishes!
Deactivating autopickup; reactivate with Ctrl-A.
Casting: Sandblast (safe; 3% risk of failure)
Confirm with . or Enter, or press ? or * to list all spells.
You can't see any susceptible monsters within range! (Use Z to cast anyway.)
You are confused.
You bump into the rock wall.
Something hits you.
Okay, then.
You bump into the rock wall.
You hear some strange, mumbled words.
You are more confused.
Unknown command.
Something barely misses you.
You bump into the rock wall.
You hear some strange, mumbled words.
You are more confused.
Something completely misses you. Something hits you.
You closely miss something. Something hits you!
Ouch! That really hurt!
* * * LOW HITPOINT WARNING * * *
You bump into the rock wall.
Something hits you!!
Ouch! That really hurt!
You die...

########## #........#######
#.######.......# #.# #######.#
#.# ##.## #.# #...# ######## #.#
#@#.## #......###
####.#########...#...###.≈≈≈.....
...............#####.>...≈_≈.....
####.†..###.##...#.....#.≈≈≈.####
###..###......#...<.#.....####
#............................
####...#######...####.##.##.####
#..........##.........##....# #
#>###.####.##.......#.##.####


There were no monsters in sight!

Vanquished Creatures
  2 adders (D:2)
  A ball python (D:2)
  4 endoplasms
  A giant cockroach (D:2)
  A goblin (D:2)
  2 hobgoblins
  A quokka (D:1)
  6 bats
  4 frilled lizards (D:2)
  3 kobolds
  4 rats
29 creatures vanquished.

Notes
Turn   | Place    | Note
-------+----------+-------------------------------------------
     0 | D:1      | Cykl0x the Gargoyle Earth Elementalist began the quest for
                  | the Orb.
     0 | D:1      | Reached XP level 1. HP: 10/10 MP: 3/3
   382 | D:1      | Reached XP level 2. HP: 15/15 MP: 3/5
   608 | D:1      | Reached skill level 4 in Earth Magic
  1001 | D:2      | Reached skill level 1 in Conjurations
  1128 | D:2      | Reached XP level 3. HP: 10/19 MP: 0/6
  1132 | D:2      | Learned a level 3 spell: Stone Arrow
  1304 | D:2      | Found a faded altar of an unknown god.
  1782 | D:2      | Noticed Sigmund
  1906 | D:2      | Demolished by Sigmund

Illustrated notes

Levels and vault maps discovered:
D:1:      dpeg_arrival_water_fire, layout_basic, solitary_fountain
D:2:      layout_loops_ring, hellmonk_ecumenical_altar_pennies_from_heaven,
          uniq_sigmund

Skill      XL: |  1  2 |
---------------+-------+-----
Earth Magic    | 4 |  4.5
Conjurations   | 1 |  1.4
Dodging        | |  1.7
Stealth        | |  2.1
Spellcasting   | |  2.5
Transmutations | |  0.7

Action                   || total
-------------------------++-------
Melee: Whip              ||     6
 Cast: Sandblast         ||    26
       Stone Arrow       ||     8
Armor: Robe              ||     4
Dodge: Dodged            ||     5
